[Event "Svetozar Gligoric Masters 2022"]
[Site "Belgrade"]
[Date "2022.07.21"]
[Round "7.23"]
[White "Gandhi, Anish"]
[Black "Ozer, Omer Faruk"]
[Result "0-1"]
[ECO "A05"]
[WhiteElo "2178"]
[BlackElo "2317"]
[Annotator "TA"]
[PlyCount "110"]
[EventDate "2022.07.18"]
[EventCountry "SRB"]
[SourceTitle "playchess.com"]
[Source "ChessBase"]
[SourceQuality "1"]
[TimeControl "40/5400+30:900+30"]

1. Nf3 Nf6 2. g3 b5 3. a4 b4 4. Bg2 Bb7 5. O-O e6 6. b3 {A05: Réti Opening: 1 Nf3 Nf6.} Be7 7. Bb2 O-O 8. d3 {The position is equal.} c5 9. e4 d6 10. e5 dxe5 (10... Ne8 {looks sharper.} 11. exd6 Bf6 12. Bxf6 Qxf6 13. d7 Nxd7 14. Nbd2 Nd6) 11. Nxe5 {[#]} Nd5 $146 ({Predecessor:} 11... Bd5 12. Nd2 Qc7 13. Ndc4 Nc6 14. Nxc6 Qxc6 15. Ne5 Qb7 16. f3 Ne8 17. Qe2 Nd6 {0-1 (55) Konopleva,N (2145)-Berend,E (2290) Moscow 1990}) 12. Nd2 Nc6 13. Nxc6 Bxc6 14. Nc4 Rc8 15. Qg4 {[%csl Gb2][%cal Rg4g7] [#]} Bf6 16. Ne5 Ba8 17. Rfe1 g6 18. h4 Bg7 19. Rad1 Re8 20. Ba1 Rc7 21. Qe2 Bb7 22. h5 Qg5 23. hxg6 hxg6 24. Nf3 Qh6 25. Ne5 ({Better is} 25. Qd2 $11) 25... Rce7 (25... f5 $1 $15) 26. Ng4 Qh8 27. Bxg7 Qxg7 28. Qd2 g5 29. Ne3 Nc3 30. Rc1 {Black must now prevent Bxb7.} Bxg2 31. Kxg2 Qd4 32. Rh1 f6 $1 33. Rh6 Rh7 34. Rxh7 Kxh7 35. Rh1+ Kg6 36. Qe1 f5 (36... Re7 $1 $11 {remains equal.}) 37. Qg1 (37. Nc4 $16) 37... Rh8 $11 {Active counter play!} 38. Rxh8 Qxh8 39. Qh2 $2 {Black continues to play with concentration.} (39. Qe1 $11 {and White stays safe.}) 39... Qxh2+ $19 40. Kxh2 {[%mdl 4096] Endgame KN-KN} Ne2 41. Nc4 Nd4 42. Ne5+ {[#]} Kf6 $1 43. Nd7+ Ke7 44. Nxc5 Nxc2 45. g4 Kd6 ({But not} 45... fxg4 $2 46. d4 $19 (46. Kg3 $2 Kd6 $19)) 46. Nb7+ Kd5 47. gxf5 (47. f4 gxf4 48. g5) 47... exf5 {Black is clearly winning.} 48. Kg3 Ne1 49. d4 Nc2 50. Nc5 Nxd4 51. Nd3 Nc6 {Threatens to win with ...Kd4.} 52. f4 g4 {Strongly threatening ...Kd4.} 53. Nb2 Nd4 54. Nd3 a5 55. Nc1 Ke4 {Weighted Error Value: White=0.75/Black=0.25 (precise)} 0-1

[Event "Svetozar Gligoric Masters 2022"]
[Site "Belgrade"]
[Date "2022.07.21"]
[Round "7.24"]
[White "Korkmaz, Necmettin"]
[Black "Yordanov, Lachezar"]
[Result "0-1"]
[ECO "B23"]
[WhiteElo "2016"]
[BlackElo "2316"]
[Annotator "TA"]
[PlyCount "98"]
[EventDate "2022.07.18"]
[EventCountry "SRB"]
[SourceTitle "playchess.com"]
[Source "ChessBase"]
[SourceQuality "1"]
[TimeControl "40/5400+30:900+30"]

1. e4 c5 2. Nc3 d6 3. f4 g6 4. Nf3 Bg7 5. Bc4 Nc6 6. O-O e6 7. d3 Nge7 8. Qe1 O-O 9. f5 gxf5 $1 {[%mdl 4] is recently more successful than 9...d5. B23: Closed Sicilian: Lines without g3.} 10. Qh4 fxe4 11. dxe4 (11. Ng5 $2 h6 12. Ngxe4 d5 13. Bxh6 dxe4 $19) 11... Ng6 {Black has an edge.} 12. Qh5 Nce5 13. Be2 (13. Ng5 $2 h6 14. Nf3 Nxc4 $19) 13... Nxf3+ 14. Qxf3 (14. Rxf3 $15 Qh4 15. Qxh4 Nxh4 16. Rd3) 14... Bd7 {[#]} 15. Be3 $146 ({Predecessor:} 15. Qh5 Bc6 16. Bg5 Qb6 17. Rf3 Bd4+ 18. Kh1 f6 19. Bh6 Rf7 20. Bc4 Re8 21. Qh3 {1-0 (33) Mondry,M-Penkin,V (2042) ICCF email 2008}) 15... Bc6 16. Rad1 Qe7 17. Qh5 Rad8 18. Rd3 f6 {Prevents Bg5.} 19. Bc1 Rf7 (19... f5 $1 $17 20. exf5 Rxf5 21. Rxf5 exf5) 20. Rh3 Bh8 21. Rff3 {Against f5} (21. Rg3 $15 {feels stronger.}) 21... Nf8 (21... f5 $1 $17 22. exf5 Bxf3 23. Rxf3 Bxc3) 22. Rfg3+ Rg7 23. Bh6 {[%mdl 64] [#] Pin} Rxg3 24. Rxg3+ Ng6 25. h4 (25. Bd3 $11) 25... Bg7 $15 26. Bxg7 Kxg7 ({Reject} 26... Qxg7 27. Bc4 Kf7 28. Qg4 $11) 27. Bc4 {[#]} Kh8 28. Rxg6 $2 {Loses the game.} (28. Bxe6 $1 $11 Qxe6 29. Rxg6) 28... Be8 $19 {[%mdl 64] Pin, Skewer} 29. Rg8+ Kxg8 30. Qg4+ Kh8 {[%cal Od6d5] Threatens to win with ...d5!} 31. Bxe6 Bd7 32. Bxd7 Qxd7 {[%mdl 4096] Endgame KQR-KQN} 33. Qf3 Qe6 34. Nd5 Rf8 35. Nc3 f5 36. Qf4 (36. g4 {was worth a try.}) 36... Qe5 37. Qxe5+ dxe5 38. exf5 Rxf5 {KR-KN} 39. g3 (39. Nd5 $142) 39... b6 {Black is clearly winning.} 40. Kg2 h5 41. Ne4 Kg7 42. Nf2 Kf8 43. Kf1 (43. g4 $142 Rf4 44. Kg3) 43... Rf3 44. Kg2 Re3 45. Nd3 Re2+ 46. Kf3 Rxc2 47. Nxe5 Rxb2 48. Ng6+ Kg7 49. Nf4 Kh6 {Weighted Error Value: White=0.44/Black=0.14 (very precise)} 0-1

[Event "Svetozar Gligoric Masters 2022"]
[Site "Belgrade"]
[Date "2022.07.22"]
[Round "8.1"]
[White "Predke, Alexandr"]
[Black "Maksimovic, Bojan"]
[Result "1-0"]
[ECO "B30"]
[WhiteElo "2688"]
[BlackElo "2465"]
[Annotator "TA"]
[PlyCount "89"]
[EventDate "2022.07.18"]
[EventCountry "SRB"]
[SourceTitle "playchess.com"]
[Source "ChessBase"]
[SourceQuality "1"]
[TimeControl "40/5400+30:900+30"]

1. e4 c5 2. Nf3 Nc6 3. Nc3 g6 4. Bb5 Bg7 5. d3 e5 6. Bg5 {B30: Sicilian: 2...Nc6 3 Bb5, lines without ...g6.} Nge7 {[#]} 7. h4 $146 ({Predecessor:} 7. Nd5 h6 8. Bxe7 Nxe7 9. Bc4 d6 10. c3 O-O 11. h4 Rb8 12. h5 b5 13. Bb3 {½-½ (28) Aronian,L (2781)-Carlsen,M (2847) chess24.com INT 2021}) 7... h6 8. Bxe7 {White has an edge.} Nxe7 9. h5 g5 10. Bc4 d6 11. Nd2 Be6 12. Nf1 a6 13. Ne3 b5 14. Bb3 O-O 15. Ncd5 Nc6 16. c3 Kh8 17. Nf5 Rb8 18. Nde3 {Pair of Knights!} (18. Nxg7 Kxg7 19. Ne3 a5 $11) 18... Ne7 19. Nxe7 Qxe7 20. Bd5 Bd7 21. g4 a5 22. O-O Rfc8 23. Kg2 Qf8 24. Qf3 {Black is on the road to losing.} Be8 (24... Rc7 $14) 25. a3 {White is much more active.} a4 (25... Kg8 $142) 26. b3 $16 axb3 27. Bxb3 Ra8 28. Bd5 Ra7 29. c4 b4 (29... Rb8 $16 {keeps fighting.}) 30. axb4 $18 Rxa1 31. Rxa1 cxb4 32. Ra7 {[%cal Rd5f7] Against Qe7} Rb8 33. Nd1 (33. Bxf7 b3 34. Nd1 (34. Bxe8 $2 Qxf3+ 35. Kxf3 b2 $19) 34... Bxf7 35. Rxf7 Qc8 $11) 33... b3 34. Nb2 f5 $2 {[#]} (34... Kh7 35. Qf5+ (35. Bxf7 Bxf7 36. Rxf7 Qc8 $16) 35... Kg8) 35. exf5 {White is clearly winning.} Qf6 36. Qe4 Qd8 37. d4 ({Inferior is} 37. f6 Qxf6 38. d4 Qf4 $11) 37... Qf6 38. Nd3 exd4 39. Re7 Ba4 40. Nb2 d3 41. Nxa4 d2 42. Re8+ Rxe8 43. Qxe8+ Qf8 44. Qxf8+ Bxf8 45. Nb2 {Weighted Error Value: White=0.04 (flawless) /Black=0.28 (precise)} 1-0

[Event "Svetozar Gligoric Masters 2022"]
[Site "Belgrade"]
[Date "2022.07.22"]
[Round "8.2"]
[White "Petrov, Nikita"]
[Black "Samant Aditya S"]
[Result "1-0"]
[ECO "A45"]
[WhiteElo "2558"]
[BlackElo "2431"]
[Annotator "TA"]
[PlyCount "113"]
[EventDate "2022.07.18"]
[EventCountry "SRB"]
[SourceTitle "playchess.com"]
[Source "ChessBase"]
[SourceQuality "1"]
[TimeControl "40/5400+30:900+30"]

1. d4 Nf6 2. Bg5 c5 3. Bxf6 gxf6 4. d5 Qb6 5. Nd2 Qxb2 6. e4 {A45: Trompowsky Attack.} f5 7. Rb1 Qf6 8. Ngf3 {[#] White is slightly better.} fxe4 $146 ({Predecessor:} 8... d6 9. Bb5+ Nd7 10. Bxd7+ Kxd7 11. Qe2 Bh6 12. O-O Bxd2 13. Nxd2 Rg8 14. Rfe1 f4 {1-0 (49) Cempel,J (2252)-Bures,M (2169) Czech Republic 2006}) 9. Nxe4 Qf4 10. Bd3 {[%mdl 1024] White has compensation.} c4 (10... d6 $11 {remains equal.}) 11. g3 $16 Qc7 {[#]} 12. Be2 {0x0.00204e1195c0dp-1022s more active pieces.} (12. O-O $142 $1 cxd3 13. Nfg5) 12... Bg7 13. O-O {Strongly threatening d6.} (13. d6 {with more complications.} Qa5+ 14. Nfd2 e6 15. Bxc4 a6 16. Bd3) 13... d6 14. Rb4 (14. Re1 $14) 14... Nd7 $11 15. Rxc4 Qa5 16. Nh4 Nb6 17. Rxc8+ $1 Rxc8 18. Nf5 Qxd5 19. Nxg7+ {Pair of Knights!} Kf8 {Hoping for ...Qxd1.} 20. Qxd5 Nxd5 21. Nf5 Rxc2 22. Bf3 Nb6 23. Re1 Rc7 24. Bh5 h6 $1 25. Nd2 Rc5 26. Bg4 Nc4 27. Nb3 Rc7 28. Nbd4 Ne5 29. Bh5 $36 {[%mdl 2048] Black is under pressure.} a6 30. a4 Nc6 $2 (30... Nc4 $11 {and Black is okay.}) 31. Nxc6 $18 bxc6 32. Rb1 {White wants to mate with Rb8+.} Kg8 33. Rb6 c5 34. Rxa6 c4 35. Bd1 $1 {Black must now prevent Bc2.} d5 36. Nxh6+ (36. f4 $142 $1) 36... Kf8 $2 {[#] This move loses the game for Black.} (36... Rxh6 $16 37. Rxh6 d4) 37. Nf5 $1 {Threatening mate with Ra8+.} Rc8 {Inhibits Ra8.} 38. Ra7 c3 {[#]} 39. Bc2 $1 Rh5 (39... Re8 $142 40. Rc7 e6) 40. Nxe7 {White is clearly winning.} Rc5 41. Nf5 Rxf5 42. Bxf5 c2 {[#]} 43. Bxc2 Rxc2 {[%mdl 4096] Endgame KR-KR} 44. a5 Ra2 45. a6 Kg7 46. Kf1 {Ke1 is the strong threat.} Kf6 (46... d4 $142 47. Ra8 d3) 47. Ra8 d4 48. a7 d3 49. Ke1 Kf5 50. h4 Kf6 51. g4 Kg7 52. g5 Kh7 53. Kd1 Kg7 54. f4 Kh7 55. f5 Kg7 56. h5 Kh7 57. g6+ {Weighted Error Value: White=0.17 (very precise) /Black=0.28 (precise)} 1-0

[Event "Svetozar Gligoric Masters 2022"]
[Site "Belgrade"]
[Date "2022.07.22"]
[Round "8.3"]
[White "Rohith Krishna S"]
[Black "Koustav Chatterjee"]
[Result "0-1"]
[ECO "E48"]
[WhiteElo "2326"]
[BlackElo "2485"]
[Annotator "TA"]
[PlyCount "70"]
[EventDate "2022.07.18"]
[EventCountry "SRB"]
[SourceTitle "playchess.com"]
[Source "ChessBase"]
[SourceQuality "1"]
[TimeControl "40/5400+30:900+30"]

1. d4 Nf6 2. c4 e6 3. Nc3 Bb4 4. e3 O-O 5. Bd3 c5 6. Nge2 cxd4 7. exd4 d5 8. O-O dxc4 9. Bxc4 Nc6 10. Bg5 h6 11. Bh4 Be7 12. Rc1 b6 {E48: Nimzo-Indian: Rubinstein: 5 Bd3 d5 including 6 Ne2, but excluding 6 a3.} 13. a3 Bb7 14. Ba2 {[#]} Nh5 $146 {Black has an edge.} ({Predecessor:} 14... Qd7 15. Bxf6 Bxf6 16. d5 exd5 17. Nxd5 Qd6 18. Nxf6+ Qxf6 19. Nc3 Rad8 20. Qh5 Ne5 {½-½ (62) Sigurdsson,P (1894)-Vigfusson,V (2051) Reykjavik 2009}) 15. Bxe7 Nxe7 16. Qd3 Ng6 {[%cal Ob7g2] aiming for ...Bxg2!} 17. f4 Qh4 18. Bb1 (18. g3 Qh3 19. d5 (19. Rf2 Nhxf4 20. Nxf4 Nxf4 $15) 19... Nf6 $17) (18. f5 $1 $11 {was preferrable.} Qg4 19. g3 exf5 20. Qxf5 Qxf5 21. Rxf5) 18... Rad8 (18... Bxg2 $2 19. Kxg2 Nhxf4+ 20. Nxf4 Qxf4 21. Kh1 $18 (21. Rxf4 Nxf4+ 22. Kf3 Nxd3 $15)) 19. Rf2 Nf6 {...Ng4 is the strong threat.} 20. h3 {Prevents Ng4.} Ne7 {Black is more active.} 21. Ng3 Rd7 22. Rd2 (22. Bc2 $142) 22... Rfd8 $17 ({Don't play} 22... Qxf4 23. Rf1 (23. Nh5 Qf5 $11) 23... Qh4 24. Rxf6 $1 $18 ) 23. Nce2 {[#]} g6 (23... g5 $1 $19 24. Qe3 Nfd5) 24. Rdc2 (24. Qe3 $15) 24... Nf5 25. Nxf5 exf5 ({Weaker is} 25... gxf5 26. Qe3 $17) 26. Qd2 (26. Qe3 $17) 26... Ba6 $40 {[%mdl 128] Black has strong attack.} 27. Rc6 (27. Ba2 $142) 27... Nh5 28. Ba2 (28. Bd3 $142 Bxd3 29. Qxd3) 28... Bxe2 29. Qxe2 Nxf4 ({Don't go for} 29... Qxf4 $2 30. d5 $19) 30. Qf3 Rxd4 {And now ...Rd3 would win.} 31. Rc7 $2 (31. Rc8 $19) 31... Rd3 32. Qf1 {[#]} Nxh3+ $1 33. Kh2 (33. Kh1 Rd2) 33... Nf2+ 34. Kg1 Rd2 35. Rxf7 Qh1# {Weighted Error Value: White=0.56/Black=0.09 (flawless)} 0-1

[Event "Svetozar Gligoric Masters 2022"]
[Site "Belgrade"]
[Date "2022.07.22"]
[Round "8.4"]
[White "Atalik, Suat"]
[Black "Erdogmus, Yagiz Kaan"]
[Result "1-0"]
[ECO "D75"]
[WhiteElo "2446"]
[BlackElo "2373"]
[Annotator "TA"]
[PlyCount "83"]
[EventDate "2022.07.18"]
[EventCountry "SRB"]
[SourceTitle "playchess.com"]
[Source "ChessBase"]
[SourceQuality "1"]
[TimeControl "40/5400+30:900+30"]

1. d4 Nf6 2. c4 g6 3. Nc3 d5 4. cxd5 Nxd5 5. g3 Bg7 6. Bg2 Nxc3 7. bxc3 O-O 8. Nf3 c5 9. O-O Nc6 10. d5 {D75: Fianchetto Grünfeld: Main Line with 7...c5.} Na5 11. Bf4 e6 12. e4 {[#] The position is equal.} exd5 $146 ({Predecessor:} 12... Re8 13. Rc1 exd5 14. exd5 Bf5 15. Re1 Rxe1+ 16. Qxe1 Qe8 17. Qd1 Qd7 18. h3 Nc4 {½-½ (30) Martin Sanchez,C (2471)-Lebedev,V (2474) ICCF email 2018}) 13. Qxd5 Bxc3 14. Rac1 (14. Qxc5 Bxa1 15. Rxa1 b6 $17) 14... Bb4 (14... Qxd5 $11 15. exd5 Bb4) 15. Qe5 $1 $16 {[%mdl 1024] White has strong compensation. 0x0.0019e9e3f0bedp-1022s more active pieces. The black rooks are badly placed.} f6 16. Qa1 Qe7 (16... Be6 $16 {was necessary.}) 17. a3 $18 Nb3 18. Qb2 Nxc1 19. axb4 Nd3 20. Qb3+ Be6 21. Qxd3 {Black must now prevent Bd6.} cxb4 22. Bd6 {A strong pair of Bishops.} (22. e5 $16) 22... Rfd8 $11 23. Rd1 Qf7 (23... Qxd6 $11 24. Qxd6 Rxd6 25. Rxd6 b3) 24. e5 $16 b3 25. Qd2 Rac8 26. Nd4 Bc4 (26... Bg4 $16 {keeps fighting.}) 27. e6 $18 Qe8 28. Qb4 a5 29. Qb6 b2 30. e7 {Really sharp!} ({Not} 30. Bxb7 Qa4 31. Rb1 Qa2 32. Qxb2 (32. Rxb2 $2 Rxd6 33. Rxa2 Rxb6 $19) 32... Qxb2 33. Rxb2 Rxd6 $1 34. Bxc8 Rxd4 $11) 30... Rxd6 (30... Rd7 $2 31. Bxb7 Rcc7 32. Bxc7 $18) 31. Qxd6 Bf7 {Strongly threatening ...Rc1.} 32. Ne2 {Against Rc1} ({Don't go for} 32. Bxb7 $2 Rc1 33. Ne2 {[#]} b1=Q $1 $19) 32... Rc2 33. Bf3 a4 34. Qb4 (34. Qxf6 $18 {has better winning chances. Kg2 is the strong threat.} Rd2 35. Rxd2 b1=Q+ 36. Kg2) 34... Bb3 $16 {aiming for ...Kf7.} 35. Qxb7 Rc5 $2 {[%mdl 8192] This costs Black the game.} (35... Kf7 $16 {is tougher.}) 36. Rb1 Rb5 37. Qc6 Bf7 {And now ...a3 would win.} 38. Qd6 Qb8 $2 (38... Re5 39. Rxb2 Re6) 39. Qd8+ $18 Kg7 40. Bc6 a3 41. Bxb5 a2 42. Bd3 {Weighted Error Value: White=0.19 (very precise) /Black=0.53} ({And not} 42. Qxb8 axb1=Q+ 43. Kg2 Qe4+ 44. f3 Qxe7 $11) 1-0

[Event "Svetozar Gligoric Masters 2022"]
[Site "Belgrade"]
[Date "2022.07.22"]
[Round "8.5"]
[White "Neelash Saha"]
[Black "Makarian, Rudik"]
[Result "1/2-1/2"]
[ECO "C54"]
[WhiteElo "2446"]
[BlackElo "2533"]
[Annotator "TA"]
[PlyCount "69"]
[EventDate "2022.07.18"]
[EventCountry "SRB"]
[SourceTitle "playchess.com"]
[Source "ChessBase"]
[SourceQuality "1"]
[TimeControl "40/5400+30:900+30"]

1. e4 e5 2. Nf3 Nc6 3. Bc4 Bc5 4. O-O Nf6 5. Re1 O-O 6. d3 h6 7. c3 d6 8. h3 a5 {8...Bb6 is a critical line. C54: Giuoco Piano: 4 c3 Nf6, main lines with 5 d4 and 5 d3.} 9. a4 Be6 10. Bxe6 fxe6 11. Be3 Bxe3 12. Rxe3 Qd7 13. Nbd2 Rf7 14. Nf1 {[#]} Raf8 $146 ({Predecessor:} 14... b6 15. Ng3 Nh7 16. Qb3 Nf8 17. Qb5 Rd8 18. Rd1 Ng6 19. Ne2 Rdf8 20. d4 exd4 21. cxd4 Nb4 22. Qxd7 Rxd7 23. Nc3 {½-½ (25) Schmidt,J-Wanders,M freechess.de 2019}) 15. N1h2 Nh5 {[#]} (15... b6 $11) 16. g3 (16. Ng5 $1 $16 ) 16... Nf6 $11 17. Kg2 Rb8 18. Qb3 {The position is equal.} b6 19. Rd1 Rbf8 20. Rd2 Qc8 21. Qc4 Qd7 22. Qb5 Qe8 23. Re1 Qd7 24. Qb3 Qc8 25. Qc4 Qd7 26. Qb5 Kh7 27. Qb3 Qe8 28. Rde2 Kh8 29. Qc2 Kg8 30. Qd1 Kh7 31. Rd2 Nd7 32. Re3 Ne7 33. Ng4 Nc6 34. Qc2 Kg8 35. Qd1 {Weighted Error Value: White=0.09 (flawless) /Black=0.12 (very precise)} 1/2-1/2

[Event "Svetozar Gligoric Masters 2022"]
[Site "Belgrade"]
[Date "2022.07.22"]
[Round "8.6"]
[White "Pranav Vijay"]
[Black "Ohanyan, Emin"]
[Result "1/2-1/2"]
[ECO "C82"]
[WhiteElo "2265"]
[BlackElo "2354"]
[Annotator "TA"]
[PlyCount "112"]
[EventDate "2022.07.18"]
[EventCountry "SRB"]
[SourceTitle "playchess.com"]
[Source "ChessBase"]
[SourceQuality "1"]
[TimeControl "40/5400+30:900+30"]

1. e4 {Wedberg,T} e5 2. Nf3 Nc6 3. Bb5 a6 4. Ba4 Nf6 5. O-O Nxe4 6. d4 b5 7. Bb3 d5 8. dxe5 Be6 9. c3 Bc5 10. Nbd2 O-O 11. Bc2 Nxf2 12. Rxf2 f6 13. exf6 Bxf2+ 14. Kxf2 Qxf6 15. Nf1 Ne5 16. Be3 Rae8 17. Bc5 {This bishop pair is nice.} Nxf3 {C82: Open Ruy Lopez: 9 c3 without 9...Be7.} 18. gxf3 {Dancing on a razor blade.} Rf7 19. Kg1 Qxf3 20. Qxf3 Rxf3 21. Kg2 Bg4 22. Ng3 {[#] Against Re2+. Hoping for h3.} h5 {[#] ...h4 is the strong threat.} 23. Rf1 $146 ({Predecessor:} 23. Bg6 Re6 24. Bxh5 Rxg3+ 25. Kxg3 Bxh5 26. a4 Rg6+ 27. Kf2 Rf6+ 28. Kg2 bxa4 29. Rxa4 {½-½ (51) Leko,P (2555)-Jussupow,A (2655) Horgen 1994 CBM 043 [Wedberg,T]}) 23... Rxf1 24. Kxf1 Kf7 25. h4 a5 26. a3 c6 27. Bd3 Rg8 28. Be3 Rb8 29. Ke1 Ke6 30. Kd2 {[%mdl 1024] White has compensation.} Rb7 (30... b4 $11) 31. Bg6 $14 b4 32. cxb4 (32. Bxh5 Bxh5 33. Nxh5 bxa3 34. bxa3 Kf5 $11) 32... axb4 33. a4 Kd6 $1 34. Nxh5 c5 $1 35. Nf4 d4 36. Bf2 b3 37. Be4 (37. Nd3 $14 c4 38. Be4 c3+ 39. Kc1) 37... Re7 $1 $11 38. Bd5 Ra7 $1 39. Bg3 Rxa4 {And now ...c4 would win.} 40. Bxb3 Ra5 $2 (40... Ra1 $11 {and Black has nothing to worry.}) 41. Nd3+ $2 (41. Ng6+ $18 {and the rest is easy.} Kc6 42. Ne5+ Kb5 43. Nxg4) 41... Ke7 $16 {[#]} 42. Bc7 $1 Ra6 43. Bd5 {Inhibits Rc6.} (43. Nxc5 $6 Rc6 44. Ba5 (44. Be5 Rxc5 45. Bxd4 Rh5 $15) 44... Rxc5 $11) (43. Be5 $16) 43... Rh6 $11 44. Bf4 ({Much weaker is} 44. Nxc5 Rh5 45. Ba2 Rxc5 $17) 44... Rxh4 {The position is equal.} 45. Bg5+ ({Don't blunder} 45. Nxc5 $2 Rh5 46. Kd3 Rxd5 $19) 45... Kd6 46. Bxh4 (46. Bf3 {keeps more tension.} Rh2+ 47. Kc1 Bxf3 48. Bf4+) 46... Kxd5 47. b3 {Black must now prevent Be7.} Bc8 48. Nf4+ Ke4 49. Bg3 ({But not} 49. Nd3 $6 g5 50. Bxg5 Kd5 $16) 49... g5 50. Nd3 Kd5 51. Ne5 (51. Bb8 $5 ) 51... Ba6 52. Nf3 c4 53. bxc4+ Bxc4 54. Nxg5 Ba6 55. Nf3 Ke4 56. Nxd4 Kxd4 {Weighted Error Value: White=0.23 (precise) /Black=0.22 (precise)} 1/2-1/2

[Event "Svetozar Gligoric Masters 2022"]
[Site "Belgrade"]
[Date "2022.07.22"]
[Round "8.7"]
[White "Srihari L R"]
[Black "Arjun Kalyan"]
[Result "1/2-1/2"]
[ECO "D45"]
[WhiteElo "2431"]
[BlackElo "2499"]
[Annotator "TA"]
[PlyCount "58"]
[EventDate "2022.07.18"]
[EventCountry "SRB"]
[SourceTitle "playchess.com"]
[Source "ChessBase"]
[SourceQuality "1"]
[TimeControl "40/5400+30:900+30"]

1. d4 Nf6 2. c4 e6 3. Nf3 d5 4. Nc3 c6 5. e3 Nbd7 6. Qc2 Bd6 7. b3 O-O 8. Be2 b6 9. O-O Bb7 10. Bb2 Re8 11. Rfe1 Qe7 12. Rad1 Rad8 13. h3 {D45: Semi-Slav: 5 e3.} h6 14. Bf1 Bb4 15. a3 {[#]} Bxa3 $146 ({Predecessor:} 15... Bd6 16. b4 Ra8 17. Nd2 a5 18. bxa5 Rxa5 19. cxd5 cxd5 20. Nb5 Ba6 21. Nxd6 Qxd6 {½-½ (77) Eilmes,D (2314)-Weber,K (2274) ICCF email 2009}) 16. Bxa3 Qxa3 17. Ra1 {[%mdl 64] [#] Deflection} Qd6 18. Rxa7 Qb8 19. Raa1 (19. Rea1 $14) 19... c5 $11 {The position is equal.} 20. cxd5 Nxd5 21. Nxd5 Bxd5 22. e4 Bb7 23. dxc5 bxc5 24. Qc3 Bc6 25. Nd2 Qe5 26. Qxe5 Nxe5 27. Nc4 Nxc4 28. Bxc4 Ra8 $1 {Prevents Ra5.} 29. f3 Kf8 {Weighted Error Value: White=0.07 (flawless) /Black=0.05 (flawless)} 1/2-1/2

[Event "Svetozar Gligoric Masters 2022"]
[Site "Belgrade"]
[Date "2022.07.22"]
[Round "8.8"]
[White "Sedlak, Nikola"]
[Black "Serikbay, Assel"]
[Result "1-0"]
[ECO "B52"]
[WhiteElo "2480"]
[BlackElo "2227"]
[Annotator "TA"]
[PlyCount "137"]
[EventDate "2022.07.18"]
[EventCountry "SRB"]
[SourceTitle "playchess.com"]
[Source "ChessBase"]
[SourceQuality "1"]
[TimeControl "40/5400+30:900+30"]

1. e4 c5 2. Nf3 d6 3. Bb5+ Bd7 4. Bxd7+ Qxd7 5. O-O Nf6 6. Qe2 Nc6 7. c3 e5 8. Rd1 {B52: Sicilian: Moscow Variation with 3...Bd7.} Qg4 9. d3 Be7 10. Nbd2 {[%cal Bb1d2,Bd2f1,Bf1g3,Bg3f5][%mdl 32] White has an edge.} d5 {[%cal Bd6d5,Bd5d4][%mdl 32] [#]} 11. h3 $146 ({Predecessor:} 11. exd5 Nxd5 12. Nc4 f6 13. Qe4 Qd7 14. Ne3 O-O-O 15. d4 cxd4 16. cxd4 exd4 17. Nxd4 {0-1 (51) Rublevsky,S (2671)-Kozul,Z (2627) Tripoli 2004}) 11... Qe6 12. Nf1 d4 13. Ng3 Nd7 14. Nf5 $36 {[%mdl 2048] White is more active.} Rg8 ({Better is} 14... Bf8 $11) 15. Bd2 {White is more active.} (15. b4 {is more complex.} dxc3 16. bxc5 Bxc5 17. d4) 15... g6 16. Nxe7 Qxe7 17. cxd4 (17. b4 $5 ) 17... cxd4 18. b4 Nd8 19. Rdc1 Ne6 {Inhibits Rc7.} 20. Qd1 f6 21. Qb3 Qf7 22. Rc2 g5 23. Rac1 Kf8 24. Nh2 h5 $1 25. Nf1 {And now Ng3 would win.} h4 {Prevents Ng3.} 26. Nh2 Kg7 27. Ng4 Rgd8 28. g3 (28. a4 $14) 28... Rh8 $11 29. Kg2 Rae8 30. Rh1 Ref8 31. Qd5 Nb6 32. Qa5 Ra8 33. Qa3 Nd7 34. Qb3 Raf8 35. Rcc1 Re8 36. Qd1 f5 37. exf5 Qxf5 38. Qe2 Rhf8 39. Rce1 Kh7 (39... hxg3 40. fxg3 Qg6 41. h4 $16 (41. Nxe5 Nxe5 42. Qxe5+ Kh7 $11)) 40. Qe4 Qxe4+ 41. Rxe4 Rc8 42. Nxe5 Nxe5 43. Rxe5 Rc2 44. Rd1 (44. Rxe6 Rxd2 45. Rf1 (45. Re7+ Kg6 $11) 45... hxg3 $11) 44... hxg3 45. Kxg3 Ng7 46. Rxg5 Nf5+ 47. Kg4 Nh6+ {[%mdl 64] [#] Discovered Attack} 48. Kh5 $1 Rxf2 {[#]} 49. Rdg1 $1 {Hoping for Rg7+.} Rcxd2 $2 {This move loses the game for Black.} (49... Rc7 $16 50. R1g2 Rf3) 50. Rg7+ $18 {[%mdl 64] Deflection, Double Attack} Kh8 51. Kxh6 {[%csl Gg1][%cal Rg7g8][%mdl 4096] Endgame KRR-KRR} Rf6+ 52. Kh5 ({Weaker is} 52. R1g6 Rxg6+ 53. Rxg6 Rxd3 $11) 52... Rf5+ $2 (52... Rf8 53. Rxb7 Rxd3) 53. Kg6 {Threatening mate with Rg4.} Rdf2 54. Rxb7 Rf6+ 55. Kh5 ({Resist} 55. Kg5 R2f5+ 56. Kg4 a6 $18) 55... R2f3 (55... Rxa2 {might work better.} 56. Rg6 Rxg6 57. Kxg6 Ra6+ 58. Kf5 Kg8) 56. h4 {White is clearly winning.} Rxd3 (56... R3f5+ $142 57. Rg5 Rf7) 57. Rxa7 Rdf3 58. Rg5 d3 59. Rd7 {Inhibits Rd6.} Rf2 60. Rxd3 Rxa2 61. Rd8+ Kh7 62. Rd7+ Kh8 63. Ra5 Rxa5+ 64. bxa5 {KR-KR} Ra6 65. Rd5 Kg7 66. Kg5 Rg6+ 67. Kf4 {Intending Rg5 and mate.} Kh6 68. h5 Rg1 69. Ke4 {Weighted Error Value: White=0.06 (flawless) /Black=0.22 (precise)} (69. a6 $142 Ra1 70. Rd6+ Kxh5 71. Rc6) 1-0